 Dungeon Sprint DCSS version 0.21-a0-314-gb3271ec (webtiles) character file.

19285 potatolord6000 the Martial Artist (level 12, -4/102 HPs)
             Began as a Gnoll Transmuter on Sept 29, 2017.
             Was the Champion of Sif Muna.
             Slain by a death knight
             ... wielding a +1 halberd
              (16 damage)
             ... in the Dungeon (Sprint VII: "The Pits").
             The game lasted 00:20:21 (3179 turns).

potatolord6000 the Martial Artist (GnTm)            Turns: 3179, Time: 00:20:22

Health: -4/102     AC: 17    Str: 21    XL:     12   Next: 67%
Magic:  22/28      EV: 29    Int: 19    God:    Sif Muna [******]
Gold:   36         SH:  3    Dex: 21    Spells: 16/36 levels left

rFire    . . .     SeeInvis .     - Unarmed
rCold    . . .     Gourm    .   (shield currently unavailable)
rNeg     . . .     Faith    .   x - +5 ring mail
rPois    .         Spirit   .   (helmet restricted)
rElec    .         Reflect  +   w - +0 cloak
rCorr    .         Harm     .   (gloves currently unavailable)
MR       .....     NoTele   +   (no boots)
Stlth    ++++++....             v - +3 amulet of reflection
HPRegen  0.27/turn              b - +3 ring of evasion
MPRegen  0.21/turn              k - +3 ring of protection

@: mighty, agile, lethally poisoned (-4 -> -14), blade hands (expiring), hasted
(expiring), very quick
A: distributed training, fangs 1, horns 1, strong 1, strong nose
a: End Transformation, Divine Energy, Channel Magic, Forget Spell, Renounce
Religion


You were in the Dungeon.
You worshipped Sif Muna.
Sif Muna was exalted by your worship.
You were not hungry.
You had blades for hands.
You visited 1 branch You collected 36 gold pieces.

Inventory:

Hand Weapons
 u - the +2 scimitar of Indomitability (melded) {slice, Int+3}
   (You found it in the Dungeon)

   It inflicts extra damage upon your enemies.
   It affects your intelligence (+3).
Armour
 w - a +0 cloak (worn)
 x - a +5 ring mail (worn)
Jewellery
 b - a +3 ring of evasion (left scythe-like blade)
 k - a +3 ring of protection (right scythe-like blade)
 v - a +3 amulet of reflection (around neck)
Scrolls
 l - 4 scrolls of enchant weapon
 m - 4 scrolls of remove curse
 n - 5 scrolls of amnesia
 o - a scroll of summoning
 r - 3 scrolls of blinking
 y - a scroll of identify
 A - a scroll of fear
Potions
 e - 2 potions of curing
 f - 4 potions of heal wounds
 g - 3 potions of haste
 h - 4 potions of magic
 i - 2 potions of berserk rage
 s - 2 potions of brilliance
 t - 3 potions of might
 B - a potion of ambrosia
Books
 c - a book of Changes

   Spells                             Type                      Level
   a - Beastly Appendage              Transmutation                1
   b - Sticks to Snakes               Transmutation                2
   c - Spider Form                    Transmutation/Poison         3
   d - Ice Form                       Ice/Transmutation            4
   e - Blade Hands                    Transmutation                5
Comestibles
 d - 9 bread rations
 p - 38 fruits
 q - 2 meat rations


   Skills:
 + Level 12.2 Fighting
 + Level 10.9 Short Blades
 + Level 11.0 Long Blades
 + Level 11.2 Axes
 + Level 11.7 Maces & Flails
 + Level 11.7 Polearms
 + Level 11.5 Staves
 + Level 11.6 Slings
 + Level 11.6 Bows
 + Level 10.9 Crossbows
 + Level 11.2 Throwing
 + Level 11.5 Armour
 + Level 12.1 Dodging
 + Level 11.4 Stealth
   Level 0.0 Stabbing
 + Level 11.2 Shields
   Level 0.0 Traps
 + Level 12.8 Unarmed Combat
 + Level 12.5 Spellcasting
 + Level 11.0 Conjurations
 + Level 11.0 Hexes
 + Level 11.6 Charms
 + Level 10.7 Summonings
 + Level 11.6 Necromancy
 + Level 11.0 Translocations
 + Level 12.4 Transmutations
 + Level 11.6 Fire Magic
 + Level 11.5 Ice Magic
 + Level 11.2 Air Magic
 + Level 11.7 Earth Magic
 + Level 12.0 Poison Magic
 + Level 11.7 Invocations
 + Level 10.9 Evocations


You had 16 spell levels left.
You knew the following spells:

 Your Spells              Type           Power        Failure   Level  Hunger
a - Beastly Appendage     Tmut           ######       5%          1    None
b - Ice Form              Ice/Tmut       ######..     12%         4    #......
c - Blade Hands           Tmut           ######....   17%         5    ####...
d - Bolt of Draining      Conj/Necr      ######....   22%         5    ####...
e - Dispel Undead         Necr           ######..     21%         5    ####...


Dungeon Overview and Level Annotations

Branches:
Dungeon (1/1)

Altars:
Ashenzari
Cheibriados
Dithmenos
Elyvilon
Fedhas
Gozag
Hepliaklqana
Kikubaaqudgha
Makhleb
Nemelex Xobeh
Okawaru
Qazlal
Ru
Sif Muna
Trog
Uskayaw
Vehumet
Wu Jian
Xom
Yredelemnul
Zin
The Shining One
Beogh
Jiyva
Lugonu


Innate Abilities, Weirdness & Mutations

Your experience applies equally to all skills.
You have very sharp teeth.
Your uncanny sense of smell can sniff out nearby items.
You have a pair of small horns on your head.
Your muscles are strong. (Str +2)


Message History

Your Axes skill increases to level 11!
Your Throwing skill increases to level 11!
Your Shields skill increases to level 11!
Your Conjurations skill increases to level 11!
Your Hexes skill increases to level 11!
Your Translocations skill increases to level 11!
Your Air Magic skill increases to level 11!
Your Poison Magic skill increases to level 12!
The nagaraja points at you and mumbles some strange words.
The bolt of poison hits you!
You are poisoned.
* * * LOW HITPOINT WARNING * * *
Unknown command.
You feel much better.
You feel sick.
The purple draconian breathes dispelling energy at you.
The bolt of dispelling energy hits you!
Your magical effects are unravelling.
* * * LOW HITPOINT WARNING * * *
The death knight hits you from afar with an enchanted halberd!
You die...

#..#....#..#
+..........#
+..........#
#..#....#..#
#..........+
#..........+
###''####''#
###''####''#########
#..@...##...........
#N#)##.##...........
#.#dp .##..#########
# '%)# ##..#∆∆ ∆
#:%' #..#∆∆ ∆
#++########## +):#.
#..# ........##..#
##+#. #..#
.#......##..# ##..#
........''..# #..#


You could see a purple draconian, a nagaraja and a death knight.

Vanquished Creatures
  Rupert (D)
  A quicksilver dragon (D)
  A nagaraja (D)
  A hydra (D)
  A two-headed ogre (D)
  A sixfirhy (D)
  3 skeletal warriors (D)
  A flayed ghost (D)
  A swamp dragon (D)
  A deep elf mage (D)
  4 cyclopes (D)
  An elephant (D)
  A rust devil (D)
  A naga mage (D)
  Psyche (D)
  A smoke demon (D)
  A gargoyle (D)
  2 orange demons (D)
  A demonic crawler (D)
  A rime drake (D)
  A komodo dragon (D)
  An efreet (D)
  A red devil (D)
  A jumping spider (D)
  A polar bear (D)
  2 hornets (D)
  An air elemental (D)
  A ynoxinul (D)
  A redback (D)
  A shadow (D)
  A water elemental (D)
  A chaos spawn (D)
  A hungry ghost (D)
  A steam dragon (D)
  2 vampire mosquitoes (D)
  2 neqoxecs (D)
  A warg (D)
  2 nagas (D)
  A soldier ant (D)
  2 floating eyes (D)
  A black bear (D)
  An eye of draining (D)
  2 phantoms (D)
  An ogre (D)
  A centaur (D)
  3 crocodiles (D)
  3 wights (D)
  A crimson imp (D)
  A hound (D)
  A jelly (D)
  A worker ant (D)
  A hell rat (D)
  A mummy (D)
  A gnoll (D)
  An adder (D)
  An ufetubus (D)
  2 oozes (D)
  3 leopard geckos (D)
  An orc (D)
  A goblin (D)
  2 frilled lizards (D)
  A kobold (D)
  A leopard gecko skeleton (D)
  A rat (D)
84 creatures vanquished.

Vanquished Creatures (others)
  A lindwurm (D)
1 creature vanquished.

Grand Total: 85 creatures vanquished

Notes
Turn   | Place    | Note
-------+----------+-------------------------------------------
     0 | D        | potatolord6000 the Gnoll Transmuter began the quest for the Orb.
     0 | D        | Reached XP level 1. HP: 17/17 MP: 6/6
    18 | D        | Reached skill level 1 in Invocations
    49 | D        | Found a bloodstained altar of Trog.
    49 | D        | Found a deep blue altar of Sif Muna.
    49 | D        | Found a viscous altar of Jiyva.
    49 | D        | Found a hazy altar of Hepliaklqana.
    49 | D        | Found an opulent altar of Gozag.
    50 | D        | Found a glowing golden altar of the Shining One.
    50 | D        | Found a glowing silver altar of Zin.
    50 | D        | Found a basalt altar of Yredelemnul.
    50 | D        | Found a shimmering altar of Xom.
    50 | D        | Found an ornate altar of the Wu Jian Council.
    50 | D        | Found a sacrificial altar of Ru.
    50 | D        | Found a stormy altar of Qazlal.
    50 | D        | Found an iron altar of Okawaru.
    50 | D        | Found a sparkling altar of Nemelex Xobeh.
    50 | D        | Found a burning altar of Makhleb.
    50 | D        | Found a blossoming altar of Fedhas.
    50 | D        | Found a white marble altar of Elyvilon.
    50 | D        | Found a shadowy altar of Dithmenos.
    50 | D        | Found a snail-covered altar of Cheibriados.
    53 | D        | Found a corrupted altar of Lugonu.
    53 | D        | Found a radiant altar of Vehumet.
    53 | D        | Found a roughly hewn altar of Beogh.
    54 | D        | Found an ancient bone altar of Kikubaaqudgha.
    54 | D        | Found a hide-covered altar of Uskayaw.
    54 | D        | Found a shattered altar of Ashenzari.
    55 | D        | Became a worshipper of Sif Muna the Loreminder
    73 | D        | Reached skill level 1 in Long Blades
    73 | D        | Reached skill level 1 in Stealth
   203 | D        | Reached skill level 1 in Axes
   203 | D        | Reached skill level 1 in Crossbows
   203 | D        | Reached skill level 1 in Hexes
   203 | D        | Reached skill level 1 in Charms
   203 | D        | Reached skill level 1 in Translocations
   203 | D        | Reached skill level 1 in Ice Magic
   203 | D        | Reached XP level 2. HP: 23/23 MP: 5/7
   207 | D        | Reached skill level 1 in Staves
   218 | D        | Reached skill level 1 in Short Blades
   218 | D        | Reached skill level 1 in Throwing
   218 | D        | Reached skill level 1 in Summonings
   218 | D        | Reached skill level 1 in Necromancy
   218 | D        | Reached skill level 1 in Fire Magic
   218 | D        | Reached skill level 1 in Earth Magic
   218 | D        | Reached skill level 1 in Poison Magic
   223 | D        | Reached * piety under Sif Muna
   224 | D        | Reached skill level 1 in Bows
   224 | D        | Reached skill level 5 in Transmutations
   225 | D        | Reached skill level 1 in Polearms
   225 | D        | Reached XP level 3. HP: 11/29 MP: 7/9
   450 | D        | Noticed a hungry ghost
   474 | D        | Killed a hungry ghost
   474 | D        | Reached ** piety under Sif Muna
   474 | D        | Reached skill level 5 in Dodging
   474 | D        | Reached skill level 5 in Spellcasting
   474 | D        | Reached XP level 4. HP: 38/38 MP: 9/11
   474 | D        | Reached XP level 5. HP: 43/43 MP: 10/13
   521 | D        | Learned a level 4 spell: Ice Form
   527 | D        | Learned a level 5 spell: Blade Hands
   539 | D        | Noticed a black bear
   548 | D        | Killed a black bear
   548 | D        | Reached skill level 5 in Fighting
   548 | D        | Reached XP level 6. HP: 45/51 MP: 15/15
   552 | D        | Reached skill level 5 in Poison Magic
   607 | D        | Noticed a redback
   612 | D        | Killed a redback
   612 | D        | Reached *** piety under Sif Muna
   612 | D        | Reached skill level 5 in Stealth
   612 | D        | Reached skill level 5 in Charms
   612 | D        | Reached skill level 5 in Ice Magic
   612 | D        | Reached skill level 5 in Earth Magic
   612 | D        | Reached skill level 5 in Invocations
   612 | D        | Reached XP level 7. HP: 51/58 MP: 17/17
   826 | D        | Paralysed by a floating eye for 3 turns
   833 | D        | Reached skill level 5 in Maces & Flails
   833 | D        | Reached skill level 5 in Staves
   833 | D        | Reached skill level 5 in Slings
   833 | D        | Reached skill level 5 in Bows
   833 | D        | Paralysed by a floating eye for 4 turns
   840 | D        | Paralysed by a floating eye for 3 turns
   843 | D        | Reached skill level 5 in Long Blades
   843 | D        | Reached skill level 5 in Axes
   843 | D        | Reached skill level 5 in Throwing
   843 | D        | Reached skill level 5 in Fire Magic
   845 | D        | Reached skill level 5 in Polearms
   845 | D        | Reached skill level 5 in Shields
   845 | D        | Reached skill level 5 in Hexes
   845 | D        | Reached skill level 5 in Translocations
   853 | D        | Reached **** piety under Sif Muna
   853 | D        | Reached skill level 5 in Armour
   853 | D        | Reached skill level 5 in Necromancy
  1069 | D        | Got the +2 scimitar of Indomitability {slice, Int+3}
  1249 | D        | Noticed a five-headed hydra
  1250 | D        | Noticed a cyclops
  1256 | D        | Noticed a warg
  1257 | D        | Noticed a vampire mosquito
  1257 | D        | Killed a cyclops
  1257 | D        | Reached skill level 5 in Short Blades
  1257 | D        | Reached skill level 5 in Crossbows
  1257 | D        | Reached skill level 5 in Conjurations
  1257 | D        | Reached skill level 5 in Summonings
  1257 | D        | Reached skill level 5 in Air Magic
  1257 | D        | Reached skill level 5 in Evocations
  1257 | D        | Reached XP level 8. HP: 63/67 MP: 15/20
  1268 | D        | Reached ***** piety under Sif Muna
  1556 | D        | Killed a five-headed hydra
  1556 | D        | Identified Sif Muna's Guide on Air (Sif Muna gifted it to you in the Dungeon)
  1556 | D        | Received a gift from Sif Muna
  1556 | D        | Reached skill level 10 in Unarmed Combat
  1556 | D        | Reached XP level 9. HP: 75/75 MP: 13/21
  1564 | D        | Noticed a cyclops
  1576 | D        | Killed a cyclops
  1585 | D        | Noticed a red devil
  1585 | D        | Noticed a lindwurm
  1585 | D        | Noticed a rime drake
  1591 | D        | Killed a red devil
  1596 | D        | Killed a lindwurm
  1600 | D        | Killed a rime drake
  1600 | D        | Reached XP level 10. HP: 83/83 MP: 16/23
  1820 | D        | Noticed a two-headed ogre
  1823 | D        | Noticed a gargoyle
  1834 | D        | Killed a two-headed ogre
  1834 | D        | Identified Sif Muna's Almanac of Displacement and Cold (Sif Muna gifted it to you in the Dungeon)
  1834 | D        | Received a gift from Sif Muna
  1834 | D        | Reached skill level 10 in Transmutations
  1836 | D        | Killed a gargoyle
  1836 | D        | Reached skill level 10 in Spellcasting
  1922 | D        | Noticed a deep elf mage
  1929 | D        | Killed a deep elf mage
  1929 | D        | Reached skill level 10 in Fighting
  1933 | D        | Reached skill level 10 in Dodging
  1978 | D        | Noticed a sixfirhy
  1990 | D        | Killed a sixfirhy
  1990 | D        | Reached skill level 10 in Poison Magic
  1990 | D        | Reached XP level 11. HP: 80/92 MP: 25/25
  2105 | D        | Noticed a skeletal warrior
  2105 | D        | Noticed a skeletal warrior
  2105 | D        | Noticed a skeletal warrior
  2105 | D        | Noticed a cyclops
  2106 | D        | Noticed a cyclops
  2116 | D        | Killed a skeletal warrior
  2116 | D        | Identified Sif Muna's Compendium of Captivating Good Luck (Sif Muna gifted it to you in the Dungeon)
  2116 | D        | Received a gift from Sif Muna
  2118 | D        | Killed a skeletal warrior
  2121 | D        | Killed a cyclops
  2121 | D        | Reached skill level 10 in Armour
  2130 | D        | Killed a skeletal warrior
  2130 | D        | Reached skill level 10 in Maces & Flails
  2130 | D        | Reached skill level 10 in Polearms
  2130 | D        | Reached skill level 10 in Invocations
  2134 | D        | Killed a cyclops
  2134 | D        | Reached skill level 10 in Slings
  2134 | D        | Reached skill level 10 in Fire Magic
  2273 | D        | Noticed a flayed ghost
  2283 | D        | Killed a flayed ghost
  2283 | D        | Reached skill level 10 in Stealth
  2283 | D        | Reached skill level 10 in Charms
  2283 | D        | Reached skill level 10 in Ice Magic
  2286 | D        | Noticed Psyche
  2286 | D        | Reached skill level 10 in Staves
  2286 | D        | Reached skill level 10 in Bows
  2296 | D        | Killed Psyche
  2296 | D        | Reached skill level 10 in Earth Magic
  2314 | D        | Reached skill level 10 in Axes
  2314 | D        | Reached skill level 10 in Throwing
  2316 | D        | Received a gift from Sif Muna
  2320 | D        | Paralysed by a hornet for 1 turns
  2323 | D        | Reached skill level 10 in Long Blades
  2335 | D        | Learned a level 5 spell: Bolt of Draining
  2341 | D        | Learned a level 5 spell: Dispel Undead
  2386 | D        | Reached skill level 10 in Conjurations
  2394 | D        | Reached skill level 10 in Shields
  2451 | D        | Gained mutation: Your body sometimes deteriorates upon taking damage. [potion of mutation]
  2451 | D        | Gained mutation: You are partially covered in thin metallic scales. (AC +2) [potion of mutation]
  2452 | D        | Lost mutation: Your body sometimes deteriorates upon taking damage. [potion of mutation]
  2452 | D        | Lost mutation: You are partially covered in thin metallic scales. (AC +2) [potion of mutation]
  2452 | D        | Gained mutation: Your muscles are strong. (Str +2) [potion of mutation]
  2452 | D        | Gained mutation: You have a pair of small horns on your head. [potion of mutation]
  2575 | D        | Reached skill level 10 in Hexes
  2575 | D        | Reached skill level 10 in Air Magic
  2580 | D        | Reached skill level 10 in Necromancy
  2826 | D        | Reached skill level 10 in Crossbows
  2834 | D        | Reached skill level 10 in Translocations
  2858 | D        | Reached XP level 12. HP: 95/100 MP: 21/27
  2899 | D        | Noticed a nagaraja
  2900 | D        | Reached ****** piety under Sif Muna
  2914 | D        | Killed a nagaraja
  2914 | D        | Identified Sif Muna's Reference Book on Ice and Lightness (Sif Muna gifted it to you in the Dungeon)
  2914 | D        | Received a gift from Sif Muna
  2914 | D        | Reached skill level 10 in Short Blades
  2914 | D        | Reached skill level 10 in Summonings
  2914 | D        | Reached skill level 10 in Evocations
  3160 | D        | Noticed a quicksilver dragon
  3160 | D        | Noticed a death knight
  3160 | D        | Noticed a purple draconian
  3160 | D        | Noticed Rupert
  3160 | D        | Noticed a nagaraja
  3168 | D        | Killed a quicksilver dragon
  3178 | D        | Killed Rupert
  3179 | D        | Slain by a death knight

Vault maps used:
D:        pitsprint

Skill      XL: |  1  2  3  4  5  6  7  8  9 10 11 12 |
---------------+-------------------------------------+-----
Invocations    | 1 2 4 5 6 7 8 9 10 11 | 11.7
Long Blades    | 2 3 4 6 7 8 9 10 11 | 11.0
Stealth        | 2 3 4 5 6 7 8 9 10 11 | 11.4
Axes           | 1 2 3 4 5 7 8 9 10 11 | 11.2
Crossbows      | 1 3 4 5 6 7 8 10 | 10.9
Hexes          | 1 2 3 4 6 7 9 10 11 | 11.0
Charms         | 1 3 4 5 6 7 8 9 10 11 | 11.6
Translocations | 1 3 4 5 7 8 10 11 | 11.0
Ice Magic      | 1 2 3 4 5 6 7 8 9 10 11 | 11.5
Staves         | 1 3 4 6 7 9 10 11 | 11.5
Short Blades   | 1 2 3 4 5 6 7 8 9 10 | 10.9
Throwing       | 1 3 4 6 7 9 10 11 | 11.2
Summonings     | 1 2 3 4 5 6 7 8 9 10 | 10.7
Necromancy     | 1 3 4 5 6 7 8 10 11 | 11.6
Fire Magic     | 2 3 4 5 7 8 9 10 11 | 11.6
Earth Magic    | 2 3 4 5 6 7 9 10 11 | 11.7
Poison Magic   | 2 4 5 6 7 8 10 11 12 | 12.0
Fighting       | 3 4 5 6 7 8 9 10 11 12 | 12.2
Bows           | 1 3 4 5 7 9 10 11 | 11.6
Transmutations | 5 6 7 8 9 10 11 12 | 12.4
Polearms       | 1 3 4 6 7 8 9 10 11 | 11.7
Maces & Flails | 3 4 6 7 9 10 11 | 11.7
Slings         | 2 3 4 6 7 8 9 10 11 | 11.6
Armour         | 2 3 4 6 7 8 9 10 11 | 11.5
Dodging        | 5 6 7 8 9 10 11 12 | 12.1
Shields        | 2 3 4 5 6 7 8 10 11 | 11.2
Unarmed Combat | 7 8 9 10 11 12 | 12.8
Spellcasting   | 5 6 8 9 10 11 12 | 12.5
Conjurations   | 2 3 4 5 6 7 8 10 11 | 11.0
Air Magic      | 2 3 4 5 6 7 8 10 11 | 11.2
Evocations     | 2 3 4 5 6 7 8 9 10 | 10.9

Action                   |  1- 3 |  4- 6 |  7- 9 | 10-12 || total
-------------------------+-------+-------+-------+-------++-------
Melee: Falchion          |    18 |       |       |       ||    18
       Bite              |     4 |     4 |     1 |    12 ||    21
       Unarmed           |     2 |       |    39 |   147 ||   188
       Kick              |     2 |     6 |    12 |       ||    20
       Punch             |     1 |     1 |       |     3 ||     5
       Long sword        |    15 |    25 |    24 |       ||    64
       Headbutt          |     1 |     1 |       |     8 ||    10
       Scimitar          |       |       |       |     8 ||     8
 Cast: Beastly Appendage |     5 |     2 |     2 |     1 ||    10
       Ice Form          |       |       |     4 |     5 ||     9
       Blade Hands       |       |       |       |    11 ||    11
       Bolt of Draining  |       |       |       |     9 ||     9
  Use: Potion            |     2 |       |     1 |    20 ||    23
       Scroll            |       |       |       |     1 ||     1
 Stab: Sleeping          |     1 |       |     1 |     1 ||     3
       Invisible         |       |       |     2 |     6 ||     8
  Eat: Meat ration       |     2 |     2 |       |     1 ||     5
       Fruit             |       |       |     2 |       ||     2
Armor: Robe              |     2 |       |       |       ||     2
       Scale mail        |    14 |    18 |    23 |       ||    55
       Skin              |       |       |     8 |    25 ||    33
       Ring mail         |       |       |       |    29 ||    29
Dodge: Dodged            |    34 |    19 |    62 |   195 ||   310
Block: Other             |       |       |       |     8 ||     8
       Rpst.: Falchion   |     9 |       |       |       ||     9
       Long sword        |       |     7 |     3 |       ||    10
       Scimitar          |       |       |       |     9 ||     9

Table legend:
 A = Spawn XP
 B = Non-spawn XP
 C = Spawn XP percentage of total XP
 D = Spawn monster count
 E = Non-spawn monster count
 F = Spawn count percentage of total count
 G = Total turns spent on level
                    A         B        C        D         E        F      G
               +---------+---------+-------+---------+---------+-------+---------
         Total |       0 |   27551 |   0.0 |       0 |      85 |   0.0 |  3179
               +---------+---------+-------+---------+---------+-------+---------
             D |       0 |   27551 |   0.0 |       0 |      85 |   0.0 |  3179
               +---------+---------+-------+---------+---------+-------+---------
